 Dungeon Crawl Stone Soup version 0.31-a0-256-g80acddb972 (webtiles) character file.

Game seed: 428495152092249247

1 British0li the Sneak (level 1, -2/18 HPs)
             Began as a Demonspawn Delver on July 13, 2023.
             Slain by a hobgoblin (3 damage)
             ... on level 2 of the Dungeon.
             The game lasted 00:00:39 (50 turns).

British0li the Sneak (Demonspawn Delver)              Turns: 50, Time: 00:00:39

Health: -2/18      AC:  3    Str: 12    XL:     1   Next: 16%
Magic:  1/1        EV:  8    Int: 11    God:
Gold:   0          SH:  0    Dex: 14    Spells: 0/0 levels left

rFire   . . .        a - +0 falchion
rCold   . . .        (no shield)
rNeg    . . .        b - +0 leather armour
rPois   .            (no helmet)
rElec   .            (no cloak)
rCorr   .            (no gloves)
SInv    .            (no boots)
Will    .....        (no amulet)
Stlth   ++           (no ring)
HPRegen 0.23/turn    (no ring)
MPRegen 0.07/turn

%: no passive effects
@: constricted
A: no striking features
a: no special abilities


You were on level 2 of the Dungeon.
You visited 1 branch of the dungeon, and saw 4 of its levels.

Inventory:

Hand Weapons
 a - a +0 falchion (weapon)
Armour
 b - a +0 leather armour (worn)
Wands
 g - a wand of digging (3)
Scrolls
 c - a scroll of fog
 e - a scroll of fear
Potions
 f - a potion of haste
 h - a potion of mutation {unknown}


   Skills:
 + Level 3.0 Fighting
 + Level 1.8 Long Blades
 + Level 1.8 Dodging
 + Level 4.5 Stealth


You couldn't memorise any spells.
You didn't know any spells.
Your spell library was empty.

Dungeon Overview and Level Annotations

Branches:
Dungeon (5/15)
 Temple: D:4-7

Altars:

Annotations:
D:3 Grinder


Message History

The bat hits you.
A ball python comes into view.
A frilled lizard comes into view.
You completely miss the hobgoblin. The bat hits you but does no damage.
The bat barely misses you.
The kobold throws a stone.
The stone hits you. The hobgoblin hits you.
You hit the hobgoblin.
The hobgoblin is almost dead.
The bat misses you. The ball python barely misses you.
The ball python grabs you. The ball python constricts you.
The hobgoblin hits you. The bat hits you but does no damage.
You barely miss the ball python. The ball python bites you.
The ball python constricts you. The hobgoblin hits you.
The ball python bites you but does no damage.
The ball python constricts you. The bat closely misses you.
The hobgoblin barely misses you.
You hit the ball python but do no damage.
The bat closely misses you.
The ball python bites you but does no damage.
The ball python constricts you. The hobgoblin barely misses you.
You hit the ball python.
The ball python is heavily wounded.
The bat hits you but does no damage. The ball python barely misses you.
The ball python constricts you.
The kobold hits you with a +0 short sword.
The frilled lizard unfolds its giant frill.
The hobgoblin hits you.
* * * LOW HITPOINT WARNING * * *
The ball python bites you.
* * * LOW HITPOINT WARNING * * *
The ball python constricts you.
You are too injured to fight recklessly!
You barely miss the hobgoblin.
The hobgoblin is almost dead.
The bat barely misses you. The ball python bites you.
* * * LOW HITPOINT WARNING * * *
The ball python constricts you.
The kobold hits you with a +0 short sword.
* * * LOW HITPOINT WARNING * * *
The frilled lizard barely misses you. The hobgoblin hits you.
You die...

## .# ##$### #
#....
....###gS####.#
......l@.......
......bK.####..
.##.###..# #
.$.. ...##
#...# #...#
#...#


You could see a hobgoblin, a bat, a ball python, a kobold and a frilled lizard.

Vanquished Creatures
  A kobold (D:2)
1 creature vanquished.

Notes
Turn   | Place    | Note
-------+----------+-------------------------------------------
     0 | D:5      | British0li the Demonspawn Delver began the quest for the
                  | Orb.
     0 | D:5      | Reached XP level 1. HP: 18/18 MP: 1/1
     6 | D:5      | Noticed a hound
    31 | D:3      | Noticed Grinder
    36 | D:3      | Paralysed by Grinder for 2 turns
    50 | D:2      | Slain by a hobgoblin

Illustrated notes

Levels and vault maps discovered:
D:2:      layout_loops_ring, uniq_crazy_yiuf_cottage
D:3:      layout_loops_ring, fiery_altar_vehumet,
          mainiacjoe_overflow_surrounded_room,
          nicolae_ru_great_annihilating_truth, kennysheep_generic_room_14,
          uniq_robin, uniq_natasha, uniq_grinder, uniq_jessica
D:4:      layout_loops_ring, mainiacjoe_overflow_paths,
          chequers_serial_rivers_small_b
D:5:      layout_gridville, serial_shops, shop, hangedman_decor_riveting

Action                     || total
---------------------------++-------
  Melee: Falchion          ||    11
         Punch             ||     1
    Use: Scroll            ||     1
   Stab: Sleeping          ||     1
 Armour: Leather armour    ||     6
  Dodge: Dodged            ||    14

Table legend: (Time is in decaauts)
 A = Elapsed time spent in this place.
 B = Non-inter-level travel time spent in this place.
 C = Inter-level travel time spent in this place.
 D = Time resting spent in this place.
 E = Time spent auto-exploring this place.
 F = Levels seen in this place.
 G = Mean time per level.
                   A        B        C        D        E       F      G
               +--------+--------+--------+--------+--------+-----+--------+
         Total |     51 |     38 |     13 |      0 |      6 |   4 |   12.8 |
       Dungeon |     51 |     38 |     13 |      0 |      6 |   4 |   12.8 |
               +--------+--------+--------+--------+--------+-----+--------+

Top non-repeatable levels by time:
     D:5: 16 daAuts
     D:4: 14 daAuts
     D:3: 11 daAuts
     D:2: 9 daAuts
